 Dungeon Crawl Stone Soup version 0.31-a0-182-gc5ef74bbde (webtiles) character file.

Game seed: 13909134730868621860

36 runemasterragnar the Shield-Bearer (level 3, -3/26 HPs)
             Began as an Octopode Fighter on June 22, 2023.
             Slain by a hobgoblin (4 damage)
             ... led by Robin
             ... on level 2 of the Dungeon.
             The game lasted 00:00:52 (761 turns).

runemasterragnar the Shield-Bearer (OpFi)            Turns: 761, Time: 00:00:52

Health: -3/26      AC:  1    Str: 15    XL:     3   Next: 37%
Magic:  3/3        EV: 13    Int: 12    God:
Gold:   29         SH:  4    Dex: 11    Spells: 2/2 levels left

rFire   . . .        a - +0 long sword
rCold   . . .        b - +0 buckler
rNeg    . . .        (helmet restricted)
rPois   .            (no amulet)
rElec   .            (no ring)
rCorr   .            (no ring)
SInv    .            (no ring)
Will    .....        (no ring)
Stlth   +++          (no ring)
HPRegen 0.24/turn    (no ring)
MPRegen 0.08/turn    (no ring)
                     (no ring)

%: no passive effects
@: brilliant
A: almost no armour, amphibious, 8 rings, camouflage 1, gelatinous body 1,
(nimble swimmer 1), tentacles
a: no special abilities


You were on level 2 of the Dungeon.
You visited 1 branch of the dungeon, and saw 2 of its levels.

You collected 29 gold pieces.

Inventory:

Hand Weapons
 a - a +0 long sword (weapon)
 e - a +0 vampiric short sword
Armour
 b - a +0 buckler (worn)
Jewellery
 f - a +6 ring of intelligence
Scrolls
 g - a scroll of torment {unknown}
 h - 2 scrolls of teleportation {unknown}
Potions
 c - a potion of might


   Skills:
 + Level 3.2 Fighting
 * Level 2.7 Long Blades
 + Level 3.2 Dodging
 + Level 1.2 Stealth
 + Level 3.2 Shields


You had 2 spell levels left.
You didn't know any spells.
Your spell library contained the following spells:

 Spells                   Type           Power      Damage    Failure   Level
 Call Canine Familiar     Summ           0%         N/A       78%         3
 Portal Projectile        Hex/Tloc       0%         N/A       78%         3
 Leda's Liquefaction      Hex/Erth       0%         N/A       99%         4


Dungeon Overview and Level Annotations

Branches:
Dungeon (2/15)

Altars:

Annotations:
D:2 Robin


Innate Abilities, Weirdness & Mutations

You cannot wear most types of armour.
You are amphibious.
You can wear up to eight rings at the same time.
Your skin changes colour to match your surroundings (Stealth+).
Your rubbery body absorbs attacks. (AC +1, EV +1)
((You are camouflaged when in or above water. (Stealth+)))
You have tentacles for arms and can constrict up to eight enemies at once.


Message History

You kill the adder!
No target in view!
No target in view!
h - 2 scrolls labelled FYCEINOAH (gained 1)
A hobgoblin comes into view.
A hobgoblin and a goblin come into view.
A hobgoblin and a goblin come into view.
Found a book of Conjurations.
Robin, a hobgoblin, 4 goblins and a rat come into view.
A goblin comes into view. It is wielding a +0 club.
The goblin shouts! x3; The hobgoblin shouts! x2; The goblin shouts!
The hobgoblin shouts!
The goblin shouts!
The goblin barely misses you.
You barely miss the rat.
Robin shouts!
Your grab misses the rat. Your squeeze misses the rat.
Robin throws the goblin at you! The rat bites you.
You block the goblin's attack. The hobgoblin hits you.
You barely miss the goblin. Your grab misses the goblin.
Robin throws the goblin at you! The rat closely misses you.
The goblin closely misses you. You block the hobgoblin's attack.
The hobgoblin hits you but does no damage.
The goblin hits you with a +0 club. x2
Robin roars a battlecry!
The goblins go into a battle-frenzy!
The rat barely misses you. The goblin hits you with a +0 club.
* * * LOW HITPOINT WARNING * * *
The hobgoblin closely misses you. The hobgoblin barely misses you.
The goblin hits you with a +0 club.
* * * LOW HITPOINT WARNING * * *
The goblin completely misses you.
Okay, then.
It was a potion of brilliance.
You feel clever all of a sudden. The rat bites you.
* * * LOW HITPOINT WARNING * * *
The goblin closely misses you. x2; The hobgoblin hits you.
* * * LOW HITPOINT WARNING * * *
The hobgoblin hits you.
You die...

#.# #.# #.# #.#
#.# . #.#+####..
# ######........#
#.#.....ggg.....#
#.#.#####@gg....#
#...#####rgg....#
#......##ggg....#
#.####.##gg.....#
#. #.##.......#
#. #.##.....:.# #
#.##.......#
#.###.###### #.#


You could see Robin, 4 hobgoblins, 7 goblins and a rat.

Vanquished Creatures
  An adder (D:2)
  2 dart slugs (D:1)
  5 ball pythons (D:1)
  An endoplasm (D:1)
  A giant cockroach (D:1)
  A goblin (D:1)
  2 kobolds (D:1)
  5 bats (D:1)
  3 frilled lizards (D:1)
  3 rats (D:1)
24 creatures vanquished.

Notes
Turn   | Place    | Note
-------+----------+-------------------------------------------
     0 | D:1      | runemasterragnar the Octopode Fighter began the quest for
                  | the Orb.
     0 | D:1      | Reached XP level 1. HP: 16/16 MP: 1/1
   111 | D:1      | Reached XP level 2. HP: 19/21 MP: 2/2
   390 | D:1      | Reached skill level 1 in Stealth
   390 | D:1      | Reached XP level 3. HP: 23/26 MP: 3/3
   757 | D:2      | Noticed Robin
   761 | D:2      | HP: 1/26 [hobgoblin[Robin] (4)]
   761 | D:2      | Slain by a hobgoblin

Illustrated notes

Levels and vault maps discovered:
D:1:      minmay_arrival_split_and_join, layout_rooms, serial_bayou,
          serial_bayou_pond_c, serial_bayou_pond_a, serial_bayou_lake_a,
          serial_bayou_shore_a, serial_bayou_pond_b, serial_bayou_pond_a,
          minmay_fountain_box
D:2:      cheibrodos_pilgrimage, layout_basic, hangedman_decor_clover_reticule,
          minmay_misc_feat_more_columns, uniq_jessica, uniq_robin

Skill      XL: |  1  2 |
---------------+-------+-----
Stealth        | 1 |  1.2
Fighting       | |  3.2
Long Blades    | |  2.7
Dodging        | |  3.2
Shields        | |  3.2

Action                     || total
---------------------------++-------
  Melee: Long sword        ||    42
         Constrict         ||     9
         Tentacles         ||     8
    Use: Potion            ||     1
   Stab: Sleeping          ||     4
 Armour: Skin              ||     4
  Dodge: Dodged            ||    41
  Block: Buckler           ||    13

Table legend: (Time is in decaauts)
 A = Elapsed time spent in this place.
 B = Non-inter-level travel time spent in this place.
 C = Inter-level travel time spent in this place.
 D = Time resting spent in this place.
 E = Time spent auto-exploring this place.
 F = Levels seen in this place.
 G = Mean time per level.
                   A        B        C        D        E       F      G
               +--------+--------+--------+--------+--------+-----+--------+
         Total |    774 |    742 |     32 |      0 |    578 |   2 |  387.0 |
       Dungeon |    774 |    742 |     32 |      0 |    578 |   2 |  387.0 |
               +--------+--------+--------+--------+--------+-----+--------+

Top non-repeatable levels by time:
     D:1: 746 daAuts
     D:2: 27 daAuts
